 Dungeon Crawl Stone Soup version 0.21-a0-578-gc6e9d75 (webtiles) character file.

42 tidbits the Sneak (level 3, -1/15 HPs)
             Began as a Felid Transmuter on Dec 18, 2017.
             Slain by Terence
             ... wielding a +1 short sword of flaming
              (3 damage)
             ... on level 2 of the Dungeon.
             The game lasted 00:03:55 (417 turns).

tidbits the Sneak (Felid Transmuter)                 Turns: 417, Time: 00:03:55

Health: -1/15      AC:  1    Str:  7    XL:     3   Next: 33%
Magic:  0/7        EV: 18    Int: 14    God:
Gold:   56         SH:  0    Dex: 16    Spells: 3/6 levels left
                                        Lives:  0   Deaths: 0

rFire    . . .     SeeInvis +     - Unarmed
rCold    . . .     Gourm    .   (shield unavailable)
rNeg     . . .     Faith    .   (armour unavailable)
rPois    .         Spirit   .   (helmet unavailable)
rElec    .         Reflect  .   (cloak unavailable)
rCorr    .         Harm     .   (gloves unavailable)
MR       .....                  (boots unavailable)
Stlth    +++.......             (no amulet)
HPRegen  0.05/turn              (no ring)
MPRegen  0.10/turn              (no ring)

@: appendage, very slightly contaminated, quick
A: very small, no armour, no weapons or thrown items, stealth, claws 1, fangs 3,
horns 2, see invisible, carnivore, speed 1, shaggy fur 1, slow metabolism 1,
sharp paws
a: End Transformation


You were on level 2 of the Dungeon.
You were not hungry.
You had grown temporary horns.
You visited 1 branch of the dungeon, and saw 3 of its levels.

You collected 56 gold pieces.

Inventory:

Missiles
 a - 7 arrows
Scrolls
 d - a scroll of teleportation {unknown}
 f - a scroll of identify {unknown}
 g - a scroll of immolation {unknown}
 h - a scroll of remove curse {unknown}
Potions
 i - a potion of cancellation {unknown}
Books
 b - a book of Changes

   Spells                             Type                      Level
   a - Beastly Appendage              Transmutation                1
   b - Sticks to Snakes               Transmutation                2
   c - Spider Form                    Transmutation/Poison         3
   d - Ice Form                       Ice/Transmutation            4
   e - Blade Hands                    Transmutation                5
Comestibles
 c - a ration


   Skills:
 - Level 1.1 Fighting
 - Level 2.8 Dodging
 + Level 4.1 Stealth
 - Level 3.0 Unarmed Combat
 - Level 2.0 Spellcasting
 - Level 2.2 Transmutations


You had 3 spell levels left.
You knew the following spells:

 Your Spells              Type           Power        Failure   Level  Hunger
e - Beastly Appendage     Tmut           #.....       10%         1    ##.....
k - Sticks to Snakes      Tmut           #.......     14%         2    ###....


Dungeon Overview and Level Annotations

Branches:
Dungeon (3/15)

Altars:
Gozag

Shops:
D:2 *

Annotations:
D:2 Terence


Innate Abilities, Weirdness & Mutations

You cannot wear armour.
You are incapable of wielding weapons or throwing items.
Your paws allow you to move quietly. (Stealth)
You have sharp claws.
You have razor-sharp teeth.
You have supernaturally acute eyesight. (SInv)
You are carnivorous and can eat meat at any time.
You cover ground quickly.
You are covered in fur. (AC +1)
You have a slow metabolism.
Your sharp claws are effective at attacking unaware monsters.
You have a pair of horns on your head.


Message History

The quokka dies!
Your Stealth skill increases to level 4!
There is an opulent altar of Gozag here.
Things that are here:
a club; a goblin corpse
Found a ring mail.
Found a stone staircase leading down.
You see here a brown potion.
i - a brown potion Your horns disappear.
Your magical contamination has completely faded away.
There is a stone staircase leading down here.
You climb downwards.
Your summoned ally is left behind.
There is a stone staircase leading up here.
You climb upwards.
There is a stone staircase leading down here.
Found 12 gold pieces.
Found 10 gold pieces.
A goblin comes into view.
You scratch the bat skeleton.
The bat skeleton is moderately damaged.
The bat skeleton misses you. The bat skeleton closely misses you.
Your ball python barely misses the bat skeleton.
Your ball python grabs the bat skeleton.
Your ball python constricts the bat skeleton.
The bat skeleton misses you.
You scratch the bat skeleton.
You destroy the bat skeleton!
You see here 12 gold pieces.
You now have 56 gold pieces (gained 12).
Casting: Sticks to Snakes
Confirm with . or Enter, or press ? or * to list all spells.
You grow a pair of large bovine horns.
Terence the Incautious comes into view.
He is wielding a short sword of flaming.
Terence shouts!
The goblin shouts!
Your transformation is almost over.
A goblin and a hobgoblin come into view.
The goblin barely misses you. The goblin closely misses you.
Your ball python withers and dies!
It was a potion of curing.
You feel better.
Casting: Beastly Appendage
Confirm with . or Enter, or press ? or * to list all spells.
You extend your transformation's duration.
The goblin misses you.
You scratch the goblin but do no damage.
The goblin closely misses you.
Unknown command.
Casting: Beastly Appendage
Confirm with . or Enter, or press ? or * to list all spells.
You miscast Beastly Appendage.
You are very lightly contaminated with residual magic.
Nothing appears to happen.
The goblin hits you.
Casting: Beastly Appendage
Confirm with . or Enter, or press ? or * to list all spells.
You fail to extend your transformation any further.
The goblin completely misses you.
You completely miss the goblin. Your headbutt misses the goblin.
The goblin misses you.
You scratch the goblin.
You kill the goblin!
Casting: Beastly Appendage
Confirm with . or Enter, or press ? or * to list all spells.
You don't know that spell.
Casting: Beastly Appendage
Confirm with . or Enter, or press ? or * to list all spells.
You create a snake!
You now have 8 arrows.
Terence closely misses your ball python.
You closely miss the goblin. You bite the goblin.
You kill the goblin!
Your ball python bites Terence but does no damage.
Your ball python grabs Terence.
Your ball python constricts Terence.
Terence hits your ball python with a short sword of flaming.
Terence burns your ball python.
Your ball python dies!
Your transformation is almost over.
Casting: Sticks to Snakes
Confirm with . or Enter, or press ? or * to list all spells.
You create a snake!
You now have 7 arrows.
Casting: Sticks to Snakes
Confirm with . or Enter, or press ? or * to list all spells.
You don't have enough magic to cast that spell.
You barely miss Terence.
Terence hits you with a short sword of flaming.
Terence burns you.
You scratch Terence but do no damage.
Your adder closely misses Terence.
Casting: Sticks to Snakes
Confirm with . or Enter, or press ? or * to list all spells.
You extend your transformation's duration.
Terence hits you with a short sword of flaming.
* * * LOW HITPOINT WARNING * * *
Terence burns you.
* * * LOW HITPOINT WARNING * * *
Your adder bites Terence.
Terence is poisoned.
Your adder poisons Terence!
You closely miss Terence.
Terence is lightly wounded.
Your adder bites Terence but does no damage.
Terence says, "Rest in peace."
Terence hits you with a short sword of flaming.
You die...

############## ###
.......@@g...# ≈≈#
.#####.S####)# ..
.≈#######.#####..####.# .P..
.≈##....#.##......@.#@###..P.
.≈##................#g.......
.≈##..............$..........
.≈...........................
≈≈......#....................
≈.......#+##+##..............


You could see Terence, a hobgoblin and a friendly adder.

Vanquished Creatures
  2 leopard geckos
  A bat (D:1)
  A bat skeleton (D:2)
  A bat zombie (D:2)
  2 giant cockroaches (D:1)
  9 goblins
  A hobgoblin (D:1)
  3 jackals (D:1)
  3 kobolds
  2 frilled lizards (D:1)
  8 rats
33 creatures vanquished.

Vanquished Creatures (collateral kills)
  A jackal (D:1)
  A quokka (D:2)
2 creatures vanquished.

Grand Total: 35 creatures vanquished

Notes
Turn   | Place    | Note
-------+----------+-------------------------------------------
     0 | D:1      | tidbits the Felid Transmuter began the quest for the Orb.
     0 | D:1      | Reached XP level 1. HP: 9/9 MP: 4/4
    69 | D:1      | Reached skill level 1 in Stealth
   100 | D:1      | Reached skill level 2 in Stealth
   100 | D:1      | Reached XP level 2. HP: 8/12 MP: 4/6
   104 | D:1      | Learned a level 2 spell: Sticks to Snakes
   158 | D:1      | Reached skill level 3 in Stealth
   268 | D:2      | Reached XP level 3. HP: 14/15 MP: 4/7
   337 | D:2      | Found an opulent altar of Gozag.
   337 | D:2      | Found Gozag's Platinum Reserve.
   356 | D:2      | Reached skill level 4 in Stealth
   389 | D:2      | Noticed Terence
   417 | D:2      | Slain by Terence

Vault maps used:
D:1:      dpeg_arrival_ratfight
D:2:      wad_woods_stonehenge, fedhas_altar_4, nicolae_gozag_zags_fifth_avenue,
          serial_undead, serial_undead_a, serial_undead_d, serial_undead_e,
          serial_undead_f, serial_undead_a, serial_undead_e, serial_undead_b,
          uniq_terence
D:3:      first_ration, chequers_ecumenical_altar_island, chequers_big_river,
          kennysheep_big_empty_room

Skill      XL: |  1  2  3 |
---------------+----------+-----
Stealth        | 2 3 4 |  4.1
Fighting       | |  1.1
Dodging        | |  2.8
Unarmed Combat | |  3.0
Spellcasting   | |  2.0
Transmutations | |  2.2

Action                   || total
-------------------------++-------
Melee: Unarmed           ||    82
       Headbutt          ||     7
       Bite              ||     4
       Punch             ||     1
 Cast: Beastly Appendage ||    13
       Sticks to Snakes  ||     5
  Use: Potion            ||     1
 Stab: Sleeping          ||     1
Armor: Skin              ||     5
Dodge: Dodged            ||    92

Table legend:
 A = Spawn XP
 B = Non-spawn XP
 C = Spawn XP percentage of total XP
 D = Spawn monster count
 E = Non-spawn monster count
 F = Spawn count percentage of total count
 G = Total turns spent on level
                    A         B        C        D         E        F      G
               +---------+---------+-------+---------+---------+-------+---------
         Total |       0 |      60 |   0.0 |       0 |      35 |   0.0 |   417
               +---------+---------+-------+---------+---------+-------+---------
           D:1 |       0 |      37 |   0.0 |       0 |      23 |   0.0 |   293
           D:2 |       0 |      23 |   0.0 |       0 |      12 |   0.0 |   122
               +---------+---------+-------+---------+---------+-------+---------

Table legend:
 A = Turns spent in this place as a percentage of turns spent in the entire game.
 B = Non-inter-level travel turns spent in this place as a percentage of non-inter-level travel turns spent in the entire game.
 C = Inter-level travel turns spent in this place as a percentage of turns spent in this place.
 D = Turns resting spent in this place as a percentage of non-inter-level travel turns spent in this place.
 E = Turns spent auto-exploring this place as a percentage of non-inter-level travel turns spent in this place.
 F = Non-inter-level travel turns spent in this place divided by the number of levels of this place that you've seen.
                   A       B       C       D       E      F
               +-------+-------+-------+-------+-------+----------------------
         Total | 100.0 | 100.0 |   0.0 |   0.0 |   0.0 | 139.0
       Dungeon | 100.0 | 100.0 |   0.0 |   0.0 |   0.0 | 139.0
               +-------+-------+-------+-------+-------+----------------------

Table legend:
 A = Kills in this place as a percentage of kills in entire the game.
 B = Kills by you in this place as a percentage of kills by you in the entire game.
 C = Kills by friends in this place as a percentage of kills by friends in the entire game.
 D = Other kills in this place as a percentage of other kills in the entire game.
 E = Experience gained in this place as a percentage of experience gained in the entire game.
 F = Experience gained in this place divided by the number of levels of this place that you have seen.
                   A       B       C       D       E      F
               +-------+-------+-------+-------+-------+----------------------
         Total | 100.0 | 100.0 | 100.0 |   N/A | 100.0 |  20.0
       Dungeon | 100.0 | 100.0 | 100.0 |   N/A | 100.0 |  20.0
               +-------+-------+-------+-------+-------+----------------------

Vault maps used:
D:1:      dpeg_arrival_ratfight
D:2:      wad_woods_stonehenge, fedhas_altar_4, nicolae_gozag_zags_fifth_avenue,
          serial_undead, serial_undead_a, serial_undead_d, serial_undead_e,
          serial_undead_f, serial_undead_a, serial_undead_e, serial_undead_b,
          uniq_terence
D:3:      first_ration, chequers_ecumenical_altar_island, chequers_big_river,
          kennysheep_big_empty_room
